AoeStats
← Michi3052

Arena

510352966Analyzed
1v1 RM · 1d ago on Sep 30, 2026· 40m 2s· 2 players
Game mode
Random Map
Map size
Tiny (2 player)
Population
200
Speed
Normal
Resources
Standard
Victory
Conquest
Starting age
Dark Age
Ending age
Imperial Age
RankedLock teamsTeams togetherTeam positionsShared explorationLock speedFull tech treeHidden civsTurbo modeCheats
Victory
Defeat
🇪🇸 Turks · Spain
700
+15
🇺🇸 Poles · United States
687
-15
SquareSnow79684
3:20 Loom
12:43 Feudal Age
17:48 Castle Age
15:49 Double-Bit Axe
19:21 Horse Collar
20:58 Bow Saw
22:42 Scale Mail Armor
22:53 Forging
24:22 Heavy Plow
28:00 Squires
27:46 Arson
30:50 Imperial Age
28:57 Wheelbarrow
29:04 Wheelbarrow
28:56 Bloodlines
28:56 Scale Barding Armor
29:28 Husbandry
33:17 Chain Barding Armor
33:13 Chain Mail Armor
33:33 Iron Casting
33:02 Padded Archer Armor
32:52 Fletching
34:31 Heavy Mounted Crossbowman
35:32 Fletching
36:47 Thumb Ring
40:09 Leather Archer Armor
39:56 Bodkin Arrow
Michi3052
12:13 Feudal Age
13:09 Double-Bit Axe
18:01 Castle Age
16:09 Horse Collar
18:01 Gold Mining
25:08 Imperial Age
22:52 Fletching
24:47 Bodkin Arrow
24:54 Padded Archer Armor
27:05 Wheelbarrow
30:25 Bracer
32:09 Leather Archer Armor
35:45 Gold Shaft Mining
35:29 Hand Cart
35:00 Loom
36:29 Town Watch
Connection lost

Rejoining the realm…

Still unreachable

The connection could not be restored.

Session expired

The server has moved on; the page needs a fresh start.